 Dungeon Crawl Stone Soup version 0.20.1-1-g8b1a95d (webtiles) character file.

60 homeworkjunkie the Skirmisher (level 4, -2/40 HPs)
             Began as a Hill Orc Fighter on Dec 18, 2017.
             Slain by Grinder (5 damage)
             ... on level 3 of the Dungeon.
             The game lasted 00:03:05 (945 turns).

homeworkjunkie the Skirmisher (Hill Orc Fighter)     Turns: 945, Time: 00:03:06

Health: -2/40      AC:  6    Str: 19    XL:     4   Next: 4%
Magic:  4/4        EV:  7    Int: 13    God:
Gold:   111        SH:  9    Dex: 10    Spells: 3/3 levels left

rFire    . . .     SeeInvis .   a - +0 war axe
rCold    . . .     Gourm    .   c - +0 shield
rNeg     . . .     Faith    .   b - +0 scale mail
rPois    .         Spirit   .   (no helmet)
rElec    .         Reflect  .   (no cloak)
rCorr    .         Harm     .   (no gloves)
MR       .....                  (no boots)
Stlth    ..........             e - amulet of magic regeneration
Regen    0.2/turn               (no ring)
MPRegen  0.2/turn               (no ring)

@: brilliant, very slightly contaminated, invisible
A: no striking features
a: no special abilities


You were on level 3 of the Dungeon.
You were not hungry.

You visited 1 branch of the dungeon, and saw 4 of its levels.

You collected 111 gold pieces.

Inventory:

Hand Weapons
 a - a +0 war axe (weapon)
Armour
 b - a +0 scale mail (worn)
 c - a +0 shield (worn)
Jewellery
 e - an amulet of magic regeneration (around neck)
Scrolls
 g - 3 scrolls of identify {unknown}
 h - 3 scrolls of remove curse {unknown}
 i - a scroll of teleportation {unknown}
 n - a scroll of noise {unknown}
Potions
 d - 4 potions of might
 l - a potion of mutation {unknown}
Comestibles
 f - 4 bread rations
 m - a royal jelly


   Skills:
 * Level 4.2 Fighting
 * Level 4.0 Axes
 * Level 3.6 Armour
 + Level 0.5 Dodging
 * Level 3.6 Shields


You had 3 spell levels left.
You didn't know any spells.

Dungeon Overview and Level Annotations

Branches:
Dungeon (4/15)
 Temple: D:4-7

Altars:
Vehumet

Annotations:
D:3 Grinder


Message History

You fade into invisibility!
The giant cockroach bites you but does no damage.
You are very lightly contaminated with residual magic.
It was a potion of brilliance.
You feel clever all of a sudden. The giant cockroach barely misses you.
Grinder blinks!
The giant cockroach bites you but does no damage.
You closely miss the giant cockroach. You block the giant cockroach's attack.
You barely miss the giant cockroach. The giant cockroach closely misses you.
The giant cockroach bites you but does no damage.
Grinder hits you.
* * * LOW HITPOINT WARNING * * *
You closely miss Grinder.
Grinder is almost dead.
You slash the giant cockroach!
You kill the giant cockroach!
Your Axes skill increases to level 4!
Grinder blinks!
Grinder hits you.
You die...

#..# ..............##
#(.## ....##.####....
#..)# # #.# #.###
#..# #†# #.### #.)#
#.# #....
#..##########.# #...#
#%....>.......# ##..#
#####...#.5.#######
#..#
.........#@..####
####..#
#######.........#
##.....#
#...§.....####...#..#
#[..................#
##.#...#######...#...
#.....# ##.###.#
###...# #.# #.. ##.##
#.# ### $# #.# #


You could see Grinder.

Vanquished Creatures
  An adder (D:2)
  A worm (D:3)
  2 dart slugs (D:1)
  A leopard gecko (D:3)
  2 orcs (D:3)
  5 giant cockroaches
  A goblin (D:1)
  4 hobgoblins
  3 jackals (D:3)
  5 kobolds
  2 ball pythons
  5 bats
  A frilled lizard (D:2)
  7 rats
40 creatures vanquished.

Notes
Turn   | Place    | Note
-------+----------+-------------------------------------------
     0 | D:1      | homeworkjunkie the Hill Orc Fighter began the quest for the Orb.
     0 | D:1      | Reached XP level 1. HP: 19/19 MP: 1/1
   194 | D:2      | Reached XP level 2. HP: 25/27 MP: 2/2
   232 | D:2      | Found a radiant altar of Vehumet.
   516 | D:1      | Reached XP level 3. HP: 33/33 MP: 3/3
   905 | D:3      | Noticed Grinder
   906 | D:3      | Reached XP level 4. HP: 37/40 MP: 4/4
   922 | D:3      | Paralysed by Grinder for 3 turns
   934 | D:3      | Paralysed by Grinder for 6 turns
   945 | D:3      | Slain by Grinder

Skill      XL: |  1  2  3  4 |
---------------+-------------+-----
Fighting       | 4 |  4.2
Axes           | 3 4 |  4.0
Armour         | |  3.6
Dodging        | |  0.5
Shields        | |  3.6

Action                   |  1- 3 |  4- 6 || total
-------------------------+-------+-------++-------
Melee: War axe           |   104 |    19 ||   123
  Use: Potion            |       |     2 ||     2
Armor: Scale mail        |    53 |     7 ||    60
Dodge: Dodged            |    32 |     8 ||    40
Block: Shield            |    52 |     9 ||    61
